 Dungeon Crawl Stone Soup version 0.22-a0-565-gfc6459a (webtiles) character file.

99 KristoblXynda the Slasher (level 4, -1/39 HPs)
             Began as a Naga Gladiator on June 28, 2018.
             Slain by a gnoll
             ... wielding a +2 spear of piercing
              (9 damage)
             ... on level 3 of the Dungeon.
             The game lasted 00:05:05 (1973 turns).

KristoblXynda the Slasher (Naga Gladiator)          Turns: 1973, Time: 00:05:05

Health: -1/39      AC:  5    Str: 13 (16) XL:     4   Next: 72%
Magic:  4/4        EV: 11    Int:  8 (10) God:
Gold:   182        SH:  0    Dex: 11 (12) Spells: 3/3 levels left

rFire    . . .     SeeInvis +   h - +0 short sword (venom)
rCold    . . .     Gourm    .   (no shield)
rNeg     . . .     Faith    .   b - +0 leather armour
rPois    +         Spirit   .   c - +1 helmet
rElec    .         Reflect  .   (no cloak)
rCorr    .         Harm     .   (no gloves)
MR       .....                  (no barding)
Stlth    ++........             (no amulet)
HPRegen  0.13/turn              r - +1 ring of evasion
MPRegen  0.09/turn              (no ring)

@: about to teleport, very slow
A: large, see invisible, deformed body, poison resistance, slowness 2, slow
metabolism 1, spit poison 1, AC +1
a: Spit Poison


You were on level 3 of the Dungeon.
You were not hungry.

You visited 1 branch of the dungeon, and saw 3 of its levels.

You collected 182 gold pieces.

Inventory:

Hand Weapons
 a - a +0 long sword
 h - a +0 short sword of venom (weapon)
Missiles
 d - 3 throwing nets (quivered)
Armour
 b - a +0 leather armour (worn)
 c - a +1 helmet (worn)
Jewellery
 r - a +1 ring of evasion (left hand)
Scrolls
 g - a scroll of teleportation
 l - a scroll of enchant armour
Potions
 e - a potion of might {unknown}
 i - 2 potions of heal wounds {unknown}
 j - a potion of brilliance
 k - a potion of flight
 m - a potion of berserk rage
Comestibles
 f - 2 rations
 q - 2 chunks of flesh


   Skills:
 - Level 2.0 Fighting
 * Level 4.1 Long Blades
 - Level 2.0 Throwing
 + Level 1.1 Armour
 + Level 2.9 Dodging
 + Level 2.3 Stealth


You had 3 spell levels left.
You didn't know any spells.
Your spell library was empty.

Dungeon Overview and Level Annotations

Branches:
Dungeon (3/15)

Altars:


Innate Abilities, Weirdness & Mutations

You cannot wear boots.
Your serpentine skin is tough. (AC +1)
You have supernaturally acute eyesight. (SInv)
Armour fits poorly on your strangely shaped body.
Your system is resistant to poisons. (rPois)
You cover ground very slowly.
You have a slow metabolism.
You can spit poison.


Message History

* * * LOW HITPOINT WARNING * * *
x2 The gnoll barely misses you.
You have got your breath back.
The gnoll hits you from afar with a spear of piercing.
* * * LOW HITPOINT WARNING * * *
x2 It was a potion of degeneration.
There was something very wrong with that liquid.
You feel weakened.
You feel dopey.
You feel clumsy. The gnoll hits you but does no damage.
Unknown command.
You feel better.
The gnoll hits you from afar with a spear of piercing.
* * * LOW HITPOINT WARNING * * *
x2
Press: ? - help, Shift-Dir - straight line, f/p - gnoll
Aim: a gnoll, wielding a spear of piercing (severely wounded, poisoned)
Okay, then.
As you read the scroll of teleportation, it crumbles to dust.
You feel strangely unstable.
The gnoll hits you from afar with a spear of piercing!
You die...

#.......# #.......# ####..
##.......# ......# #....<...#
#......# #........# ##......
.............# #.....###
.............# #.......##
...##.####..### ##........##
....#. ##..@####<.........#
...... ###..gg#.)........#
.....g### ####..).........#
#.......### #....รท.........#
#....(g.####g##[..........#
#.....###.##g..##..........##
.##.. #....##....>.......##
... ###.....##..........# ...
#.................#


You could see 2 gnolls.

Vanquished Creatures
  A gnoll (D:2)
  3 adders (D:2)
  A dart slug (D:2)
  3 leopard geckos
  A ball python (D:1)
  3 giant cockroaches
  5 hobgoblins
  8 jackals
  5 bats
  4 frilled lizards
  7 goblins
  8 kobolds
  11 rats
60 creatures vanquished.

Notes
Turn   | Place    | Note
-------+----------+-------------------------------------------
     0 | D:1      | KristoblXynda the Naga Gladiator began the quest for the Orb.
     0 | D:1      | Reached XP level 1. HP: 19/19 MP: 1/1
   367 | D:1      | Reached XP level 2. HP: 24/26 MP: 2/2
   682 | D:1      | Reached XP level 3. HP: 32/32 MP: 3/3
   761 | D:1      | Reached skill level 1 in Stealth
  1328 | D:2      | Reached XP level 4. HP: 38/39 MP: 4/4
  1582 | D:2      | Reached skill level 4 in Long Blades
  1590 | D:2      | Reached skill level 1 in Armour
  1973 | D:3      | Slain by a gnoll

Vault maps used:
D:1:      onia_arrival_pyramid, minmay_split_cup_small
D:2:      st_stairs_3, minmay_stone_trees_small
D:3:      minmay_quantized, uniq_crazy_yiuf_cottage

Skill      XL: |  1  2  3  4 |
---------------+-------------+-----
Throwing       | 2 |  2.0
Stealth        | 1 2 |  2.3
Long Blades    | 4 |  4.1
Armour         | 1 |  1.1
Fighting       | |  2.0
Dodging        | |  2.9

Action                   |  1- 3 |  4- 6 || total
-------------------------+-------+-------++-------
Melee: Long sword        |    18 |       ||    18
       Short sword       |    88 |    46 ||   134
 Abil: Spit Poison       |     3 |     5 ||     8
  Use: Scroll            |     6 |     3 ||     9
       Potion            |       |     2 ||     2
  Eat: Chunk             |     1 |     2 ||     3
Armor: Leather armour    |    43 |    30 ||    73
Dodge: Dodged            |    80 |    44 ||   124

Table legend:
 A = Spawn XP
 B = Non-spawn XP
 C = Spawn XP percentage of total XP
 D = Spawn monster count
 E = Non-spawn monster count
 F = Spawn count percentage of total count
 G = Total turns spent on level
                    A         B        C        D         E        F      G
               +---------+---------+-------+---------+---------+-------+---------
         Total |       0 |     142 |   0.0 |       0 |      60 |   0.0 |  1973
               +---------+---------+-------+---------+---------+-------+---------
           D:1 |       0 |      42 |   0.0 |       0 |      26 |   0.0 |   926
           D:2 |       0 |      89 |   0.0 |       0 |      26 |   0.0 |   738
           D:3 |       0 |      11 |   0.0 |       0 |       8 |   0.0 |   309
               +---------+---------+-------+---------+---------+-------+---------
